 Dungeon Crawl Stone Soup version 0.30-a0-1123-gabc949cf19 (webtiles) character file.

Game seed: 14231985940589345979

81 Sabo the Chopper (level 4, 0/34 HPs)
             Began as a Demonspawn Gladiator on Apr 22, 2023.
             Slain by a gnoll
             ... wielding a +0 spear
              (5 damage)
             ... on level 3 of the Dungeon.
             The game lasted 00:08:44 (1696 turns).

Sabo the Chopper (Demonspawn Gladiator)             Turns: 1696, Time: 00:08:46

Health: 0/34       AC:  5    Str: 14    XL:     4   Next: 20%
Magic:  4/4        EV: 12    Int:  9    God:
Gold:   95         SH:  0    Dex: 17    Spells: 3/3 levels left

rFire   . . .        a - +0 war axe
rCold   . . .        (no shield)
rNeg    . . .        b - +0 leather armour
rPois   .            (helmet restricted)
rElec   .            (no cloak)
rCorr   .            (no gloves)
SInv    .            (no boots)
Will    .....        (no amulet)
Stlth   ++           (no ring)
HPRegen 0.25/turn    (no ring)
MPRegen 0.09/turn

%: no passive effects
@: no status effects
A: horns 1, slimy green scales 1, powered by death 1
a: no special abilities


You were on level 3 of the Dungeon.
You visited 1 branch of the dungeon, and saw 3 of its levels.

You collected 95 gold pieces.

Inventory:

Hand Weapons
 a - a +0 war axe (weapon)
Missiles
 d - 3 throwing nets (quivered)
 e - a javelin
Armour
 b - a +0 leather armour (worn)
 c - a +0 helmet
Scrolls
 f - a scroll of teleportation
Potions
 i - a potion of curing {unknown}
 j - a potion of heal wounds {unknown}


   Skills:
 + Level 2.4 Fighting
 + Level 3.7 Axes
 + Level 1.9 Throwing
 + Level 0.7 Armour
 + Level 3.0 Dodging
 + Level 0.8 Stealth


You had 3 spell levels left.
You didn't know any spells.
Your spell library was empty.

Dungeon Overview and Level Annotations

Branches:
Dungeon (3/15)

Altars:


Innate Abilities, Weirdness & Mutations

You have a pair of small horns on your head.
You are partially covered in slimy green scales. (AC +2)
You regenerate a little health from kills.


Message History

The gnoll closely misses you.
The gnoll hits you from afar with a +0 spear.
The worm barely misses you.
You see here a +0 whip.
You slash the worm! You headbutt the worm. Your punch misses the worm.
The worm is almost dead.
You hit the gnoll. The gnoll closely misses you. The gnoll barely misses you.
The worm bites you. The gnoll hits you but does no damage.
The gnoll barely misses you. The gnoll closely misses you.
You hit the worm.
The worm is severely wounded.
The worm bites you but does no damage.
You hit the worm.
The worm is almost dead.
You hit the worm.
You kill the worm!
You hit the gnoll.
The gnoll is moderately wounded.
The gnoll closely misses you.
The gnoll hits you from afar with a +0 halberd!
The gnoll barely misses you. The gnoll closely misses you.
You barely miss the gnoll.
The gnoll is moderately wounded.
The gnoll hits you but does no damage. The gnoll hits you with a +0 club.
The gnoll completely misses you.
You hit the gnoll. Your headbutt misses the gnoll.
The gnoll is heavily wounded.
The gnoll barely misses you.
The gnoll hits you from afar with a +0 halberd.
The gnoll hits you with a +0 club.
* * * LOW HITPOINT WARNING * * *
You hit the gnoll. Your headbutt misses the gnoll.
The gnoll is almost dead.
The gnoll completely misses you. The gnoll hits you with a +0 club.
* * * LOW HITPOINT WARNING * * *
The gnoll completely misses you. The gnoll closely misses you.
The gnoll barely misses you.
The gnoll hits you from afar with a +0 spear.
You die...

...................#
.######'############
#..............
#.............. #.
#...<.......... . #.
#....#####.... ..
#.###...........<..# ...
#...#..#########...#
...g#...#....)gg@......#
........###..#####g....#
.....................>.#
................)........
........................#
.........................
......................#.#
!.......###..............
..[.....# #........


You could see 3 gnolls.

Vanquished Creatures
  A gnoll (D:3)
  2 adders
  2 worms (D:3)
  A dart slug (D:2)
  4 endoplasms
  5 giant cockroaches
  3 goblins
  5 hobgoblins
  3 kobolds
  3 quokkas
  3 ball pythons
  3 bats
  A frilled lizard (D:1)
  5 rats
41 creatures vanquished.

Vanquished Creatures (others)
  2 plants (D:1)
2 creatures vanquished.

Grand Total: 43 creatures vanquished

Notes
Turn   | Place    | Note
-------+----------+-------------------------------------------
     0 | D:1      | Sabo the Demonspawn Gladiator began the quest for the Orb.
     0 | D:1      | Reached XP level 1. HP: 16/16 MP: 1/1
   141 | D:1      | Gained mutation: You regenerate a little health from kills.
                  | [demonic ancestry]
   141 | D:1      | Reached XP level 2. HP: 22/22 MP: 2/2
   912 | D:2      | Gained mutation: You are partially covered in slimy green
                  | scales. (AC +2) [demonic ancestry]
   912 | D:2      | Reached XP level 3. HP: 27/27 MP: 3/3
  1679 | D:3      | Gained mutation: You have a pair of small horns on your
                  | head. [demonic ancestry]
  1679 | D:3      | Reached XP level 4. HP: 32/34 MP: 4/4
  1696 | D:3      | Slain by a gnoll

Illustrated notes

Levels and vault maps discovered:
D:1:      dpeg_arrival_rhombus, layout_rooms, serial_forest,
          infiniplex_forest_clump_diagonal, infiniplex_forest_lined_corner,
          infiniplex_forest_lined_room_2, infiniplex_forest_clump_long,
          infiniplex_forest_lined_4_way, infiniplex_forest_split,
          amcnicky_mini_rare_corridor_liquid, chequers_serial_rivers_large_a
D:2:      layout_basic
D:3:      wander_river, layout_basic, minitemple, serial_co_window_serial,
          co_window_paths_b, co_window_corner_a, co_window_corner_a,
          co_window_paths_a, co_window_paths_a, co_window_paths_b,
          co_window_paths_a, co_window_broadway_a, co_window_corner_b,
          co_window_unsneaky_path_a, co_window_4corner_a, glass_columns_a,
          glass_columns_c, glass_columns_a, glass_columns_b, glass_columns_b

Skill      XL: |  1  2  3 |
---------------+----------+-----
Axes           | 3 |  3.7
Dodging        | 3 |  3.0
Fighting       | |  2.4
Throwing       | |  1.9
Armour         | |  0.7
Stealth        | |  0.8

Action                     |  1- 3 |  4- 6 || total
---------------------------+-------+-------++-------
  Melee: War axe           |   129 |    11 ||   140
         Punch             |     1 |       ||     1
         Headbutt          |       |     1 ||     1
  Throw: Throwing net      |     6 |       ||     6
    Use: Scroll            |     2 |       ||     2
   Stab: Held in net/web   |     1 |       ||     1
         Sleeping          |     1 |       ||     1
 Armour: Leather armour    |    49 |     3 ||    52
  Dodge: Dodged            |    86 |    22 ||   108

Table legend: (Time is in decaauts)
 A = Elapsed time spent in this place.
 B = Non-inter-level travel time spent in this place.
 C = Inter-level travel time spent in this place.
 D = Time resting spent in this place.
 E = Time spent auto-exploring this place.
 F = Levels seen in this place.
 G = Mean time per level.
                   A        B        C        D        E       F      G
               +--------+--------+--------+--------+--------+-----+--------+
         Total |   1759 |   1759 |      0 |     32 |      0 |   3 |  586.3 |
       Dungeon |   1759 |   1759 |      0 |     32 |      0 |   3 |  586.3 |
               +--------+--------+--------+--------+--------+-----+--------+

Top non-repeatable levels by time:
     D:1: 952 daAuts
     D:2: 678 daAuts
     D:3: 127 daAuts
